 Dungeon Crawl Stone Soup version 0.18.1-50-g88ac8fd (webtiles) character file.

10922 magog001 the Blocker (level 11, -6/148 HPs)
             Began as a Minotaur Fighter on Dec 10, 2016.
             Was a Follower of Nemelex Xobeh.
             Mangled by a ghost moth (11 damage)
             ... on level 2 of the Lair of Beasts.
             The game lasted 00:56:21 (10926 turns).

magog001 the Blocker (Minotaur Fighter)            Turns: 10926, Time: 00:56:24

Health: -6/148     AC: 16    Str: 34      XL:     11   Next: 42%
Magic:  0/10       EV: 11    Int:  5      God:    Nemelex Xobeh [*.....]
Gold:   259        SH: 13    Dex:  9 (11) Spells: 0 memorised, 10 levels left

rFire  . . .     SeeInvis .     a - +2 war axe
rCold  . . .     Gourm    .     r - +0 chain mail
rNeg   . . .     Faith    .     c - +0 shield
rPois  .         Spirit   +     (helmet restricted)
rElec  .         Dismiss  .     y - +1 cloak
rCorr  +         Reflect  .     p - +1 pair of gloves
SustAt .         Harm     .     (no boots)
MR     .....                    s - amulet of guardian spirit
Stlth  ..........               d - +6 ring of strength
                                J - ring of resist corrosion

@: berserking, lethally poisoned (-6 -> -29), very quick, not resistant to
hostile enchantments, extremely unstealthy
A: retaliatory headbutt, horns 2
a: Renounce Religion


You were on level 2 of the Lair of Beasts.
You worshipped Nemelex Xobeh.
Nemelex Xobeh was aware of your devotion.
You were not hungry.

You visited 2 branches of the dungeon, and saw 11 of its levels.

You collected 519 gold pieces.
You spent 260 gold pieces at shops.

Inventory:

Hand Weapons
 a - a +2 war axe (weapon)
 t - a +0 trident of flaming
 u - a +0 shortbow
Missiles
 j - 38 poisoned needles
 l - 87 sling bullets
 w - 133 arrows
 D - 5 javelins (quivered)
Armour
 c - a +0 shield (worn)
 p - a +1 pair of gloves (worn)
 r - a +0 chain mail (worn)
 y - a +1 cloak (worn)
 z - a +0 plate armour
Jewellery
 d - a +6 ring of strength (right hand)
 k - an uncursed amulet of regeneration
 s - an amulet of guardian spirit (around neck)
 J - a ring of resist corrosion (left hand)
Wands
 g - a wand of polymorph (0/24)
 i - a wand of flame (7/48)
 q - a wand of acid (1/15)
 v - a wand of polymorph (0/24)
 C - a wand of digging (14/24)
 E - a wand of lightning (7/15)
 G - a wand of iceblast (5/15)
 I - a wand of disintegration (22/24)
 N - a wand of digging (9/24)
Scrolls
 e - 4 scrolls of identify
 m - 6 scrolls of teleportation
 n - 6 scrolls of remove curse
 x - a scroll of fear
 B - a scroll of magic mapping
 L - a scroll of fog {unknown}
 M - a scroll of vulnerability {unknown}
Potions
 A - a potion of mutation {unknown}
Miscellaneous
 o - a plain deck of war
 K - a plain deck of destruction {drawn: 1}
Comestibles
 b - 22 fruits
 f - 8 bread rations
 h - 2 meat rations
 H - 4 chunks of flesh


   Skills:
 * Level 9.8 Fighting
 + Level 8.3(8.4) Axes
 + Level 1.7(5.5) Polearms
 * Level 10.6 Armour
 * Level 8.5 Dodging
 + Level 1.5 Stealth
 * Level 11.7 Shields
 + Level 0.5 Evocations


You had 10 spell levels left.
You didn't know any spells.

Dungeon Overview and Level Annotations

Branches:
Dungeon (8/15)             Temple (0/1) D:7            Lair (3/8) D:8
  Swamp: Lair:3-6    Shoals: Lair:3-6     Snake: Lair:3-6    Spider: Lair:3-6

Altars:
Nemelex Xobeh
Qazlal
Trog
Vehumet

Shops:
D:6 }


Innate Abilities, Weirdness & Mutations

You reflexively headbutt those who attack you in melee.
You have a pair of horns on your head.


Message History

Something hits you!
* * * LOW HITPOINT WARNING * * *
You block something's attack.
Something stings you but does no damage.
Drink which item? (? for menu, Esc to quit)
It was a potion of berserk rage.
A red film seems to cover your vision as you go berserk!
You feel yourself moving faster!
You feel mighty!
* * * LOW HITPOINT WARNING * * *
You feel very sick.
You feel you are being watched by something.
Something hits you but does no damage. x2
Something stings you but does no damage.
You slash something! You headbutt something!
* * * LOW HITPOINT WARNING * * *
You feel sick.
You feel you are being watched by something.
Something hits you but does no damage. Something hits you!
You die...
Your body glows slightly and disappears.

#..÷....## ##.÷.÷...# #.......P#
##.......## ######
######........###
##..#.#######....#........P.#####
.................................
...............{.................
................@................
.................................
.................................
..........................∩).<...
..>..............................
........<........................
.................................
.................................
####.#.##...##...#.###.P#####..##


There were no monsters in sight!

Vanquished Creatures
  A hydra (Lair:2)
  Pikel (D:7)
  A black mamba (Lair:2)
  3 spiny frogs (Lair:1)
  4 blink frogs (Lair:1)
  10 yaks (D:8)
  2 hippogriffs
  2 basilisks (D:8)
  5 water moccasins
  11 porcupines
  6 orc warriors
  A sky beast (D:8)
  A necrophage (D:7)
  An ogre (D:4)
  3 centaurs
  6 crocodiles
  2 big kobolds (D:8)
  3 giant frogs
  A wyvern zombie (D:8)
  3 scorpions
  9 killer bees
  A howler monkey (D:5)
  4 crimson imps
  6 hounds
  A wasp zombie (D:8)
  2 gnoll shamans
  4 orc priests (D:6)
  2 jellies
  6 iguanas
  10 orc wizards
  7 worker ants
  3 hound zombies
  A hound skeleton (D:7)
  10 gnolls
  27 river rats
  10 adders
  A shadow imp (D:6)
  An ooze (D:2)
  2 adder skeletons
  An adder zombie (D:8)
  2 worms
  2 dart slugs
  A giant gecko (D:2)
  11 orcs
  3 ball pythons
  6 giant cockroaches
  7 hobgoblins
  19 jackals
  2 quokkas
  7 bats
  3 giant newts (D:1)
  10 goblins
  2 jackal skeletons (D:4)
  10 kobolds
  A quokka zombie (D:5)
  9 rats
270 creatures vanquished.

Vanquished Creatures (others)
  A slave (D:7)
  An adder (D:7)
  2 bushes (D:8)
  A fungus (D:8)
  10 plants
15 creatures vanquished.

Grand Total: 285 creatures vanquished

Notes
Turn   | Place    | Note
--------------------------------------------------------------
     0 | D:1      | magog001 the Minotaur Fighter began the quest for the Orb.
     0 | D:1      | Reached XP level 1. HP: 19/19 MP: 0/0
   247 | D:1      | Reached XP level 2. HP: 23/27 MP: 1/1
   253 | D:1      | Reached skill level 4 in Shields
   695 | D:1      | Reached XP level 3. HP: 33/33 MP: 2/2
  1069 | D:2      | Reached skill level 1 in Dodging
  1218 | D:2      | Reached XP level 4. HP: 40/40 MP: 3/3
  1225 | D:2      | Found a bloodstained altar of Trog.
  1715 | D:3      | Reached XP level 5. HP: 37/46 MP: 4/4
  2486 | D:3      | Reached skill level 5 in Shields
  2668 | D:4      | Reached skill level 5 in Armour
  2762 | D:4      | Reached XP level 6. HP: 53/53 MP: 5/5
  3086 | D:5      | Entered Level 5 of the Dungeon
  3355 | D:4      | Reached skill level 6 in Shields
  3355 | D:4      | Reached XP level 7. HP: 56/60 MP: 6/6
  3765 | D:4      | Reached skill level 1 in Polearms
  3868 | D:4      | Noticed Crazy Yiuf
  3870 | D:4      | Noticed Crazy Yiuf
  3870 | D:4      | Crazy Yiuf changed into Crazy Yiuf the centaur
  3883 | D:4      | Killed Crazy Yiuf the centaur
  3883 | D:4      | Reached skill level 5 in Fighting
  4661 | D:6      | Reached XP level 8. HP: 68/68 MP: 7/7
  4681 | D:6      | Reached skill level 7 in Shields
  4786 | D:6      | Reached skill level 5 in Dodging
  5270 | D:6      | Found Lemuiceg's Gadget Shop.
  5278 | D:6      | Bought a wand of acid (6/15) for 260 gold pieces
  5663 | D:7      | Found a radiant altar of Vehumet.
  5697 | D:7      | Reached skill level 8 in Shields
  5707 | D:7      | Noticed Pikel
  5722 | D:7      | Killed Pikel
  5722 | D:7      | Reached skill level 5 in Axes
  5722 | D:7      | Reached skill level 1 in Stealth
  5722 | D:7      | Reached XP level 9. HP: 55/78 MP: 6/8
  6116 | D:7      | Found a staircase to the Ecumenical Temple.
  6468 | D:7      | Reached skill level 9 in Shields
  6944 | D:8      | Reached XP level 10. HP: 87/88 MP: 9/9
  7018 | D:8      | Found a staircase to the Lair.
  7023 | D:8      | Reached skill level 10 in Shields
  7632 | D:8      | Reached skill level 11 in Shields
  8163 | D:8      | Found a sparkling altar of Nemelex Xobeh.
  8163 | D:8      | Found a stormy altar of Qazlal.
  8167 | D:8      | Became a worshipper of Nemelex Xobeh the Trickster
  8426 | Lair:1   | Entered Level 1 of the Lair of Beasts
  8442 | Lair:1   | Received a gift from Nemelex Xobeh
  8469 | Lair:1   | Noticed a spiny frog
  8477 | Lair:1   | Killed a spiny frog
  8680 | Lair:1   | Noticed a spiny frog
  8700 | Lair:1   | Killed a spiny frog
  8908 | Lair:1   | Noticed a spiny frog
  8915 | Lair:1   | Killed a spiny frog
  8915 | Lair:1   | Reached XP level 11. HP: 82/97 MP: 10/10
  9176 | Lair:1   | Reached skill level 10 in Armour
  9874 | Lair:2   | Reached * piety under Nemelex Xobeh
  9874 | Lair:2   | Received a gift from Nemelex Xobeh
  9905 | Lair:2   | Found a labyrinth entrance.
 10553 | Lair:2   | Noticed a four-headed hydra
 10584 | Lair:2   | Killed an eight-headed hydra
 10888 | Lair:3   | Noticed a four-headed hydra
 10918 | Lair:2   | a four-headed hydra changed into something unseen
 10925 | Lair:2   | HP: 7/148 [poisoned by a ghost moth]
 10926 | Lair:2   | Mangled by a ghost moth

Skill      XL: |  1  2  3  4  5  6  7  8  9 10 11 |
---------------+----------------------------------+-----
Shields        | 4 5 6 8 9 11 | 11.7
Armour         | 4 5 6 7 8 9 10 | 10.6
Axes           | 3 4 5 6 7 8 |  8.3
Dodging        | 1 2 3 4 6 7 8 |  8.5
Fighting       | 4 5 6 7 9 |  9.8
Polearms       | 1 |  1.7
Stealth        | 1 |  1.5
Evocations     | |  0.5

Action                   |  1- 3 |  4- 6 |  7- 9 | 10-12 || total
-------------------------+-------+-------+-------+-------++-------
Melee: War axe           |    85 |   117 |   260 |   300 ||   762
       Headbutt          |    15 |    33 |    69 |    71 ||   188
       Trident           |       |    60 |    89 |       ||   149
Evoke: Wand              |       |       |     2 |     7 ||     9
       Deck              |       |       |       |     1 ||     1
  Use: Scroll            |     4 |     2 |     7 |     2 ||    15
       Potion            |       |       |    10 |     5 ||    15
  Eat: Chunk             |     1 |     7 |     9 |     4 ||    21
       Pizza             |       |       |     2 |     2 ||     4
       Fruit             |       |       |       |     2 ||     2
       Meat ration       |       |       |       |     1 ||     1
Armor: Scale mail        |    50 |    78 |   104 |       ||   232
       Chain mail        |       |       |     7 |   138 ||   145
       Skin              |       |       |     7 |       ||     7
Dodge: Dodged            |    34 |    55 |   147 |   126 ||   362
Block: Shield            |    52 |    98 |   207 |   220 ||   577
